Map: Traitor's Exile

Players

SANTACLAUS

  • Race: Zerg Zerg
  • Spawn Location: 12:00

IIIIIIIIIIII

  • Race: Protoss Protoss
  • League: Master
  • Spawn Location: 9:00

PureLegacy - Winner!

  • Race: Terran Terran
  • Spawn Location: 5:00

LOADBLASTER - Winner!

  • Race: Terran Terran
  • League: Master
  • Spawn Location: 6:00

VOD

Have the link to the VOD?

Description

Time

  • Played on: Nov. 22, 2018, 12:08 p.m.
  • Length: 9:46
Show
View Real Time Build Order
Export as new Build Order

SANTACLAUS Zerg 

Build Orders: Pool First 

Get SALT Encoding   

  12  0:00  Drone  
  13  0:09  Drone  
  14  0:20  Overlord  
  14  0:38  Drone x3  
  17  0:44  Extractor  
  17  0:49  Spawning Pool  
  15  0:51  Drone  
  16  1:00  Drone  
  17  1:32  Hatchery  
  16  1:36  Queen  
  18  1:44  Metabolic Boost  
  18  1:48  Zergling x2  
  19  1:59  Zergling x4  
  21  2:16  Spine Crawler, Queen  
  22  2:26  Overlord  
  22  2:44  Overlord  
  22  2:47  Queen  
  24  3:02  Drone  
  24  3:03  Drone x2  
  27  3:05  Drone  
  28  3:28  Zergling x2  
  28  3:29  Zergling x8  
  33  3:41  Spore Crawler  
  33  3:42  Lair  
  33  3:46  Extractor  
  31  3:49  Drone  
  31  3:51  Drone  
  33  4:29  Overlord  
  32  4:35  Spore Crawler  
  31  4:42  Infestation Pit  
  30  4:48  Zergling x16  
  38  4:57  Overlord  
  38  5:18  Pathogen Glands  
  37  5:40  Drone  
  37  5:41  Drone x5  
  43  5:48  Burrow  
  43  5:57  Infestor  
  45  6:05  Infestor  
  47  6:11  Infestor  
  49  6:23  Infestor  
  51  6:26  Overlord  
  51  6:38  Overlord  
  51  6:39  Overlord  
  49  6:57  Zergling x2  
  49  6:58  Zergling x10  
  47  7:11  Zergling x2  
  47  7:12  Zergling x8  
  47  7:29  Infestor x2  
  42  7:33  Zergling x2  
  43  7:43  Infestor x2  
  38  7:52  Infestor x2  
  38  7:53  Zergling x4  
  38  7:54  Zergling x14  
  47  8:02  Zergling x4  
  46  8:09  Zergling x2  
  28  8:32  Zergling x10  
Show
View Real Time Build Order
Export as new Build Order

IIIIIIIIIIII Protoss 

Build Orders: Blink Stalkers 

Get SALT Encoding   

  12  0:01  Probe  
  13  0:13  Probe  
  14  0:20  Pylon  
  14  0:25  Probe  
  15  0:34  Probe  
  15  0:40  Gateway  
  16  0:42  Probe  
  17  0:50  Assimilator  
  17  0:53  Probe  
  18  1:01  Assimilator  
  18  1:05  Probe  
  19  1:13  Gateway  
  19  1:17  Probe  
  20  1:23  Pylon  
  20  1:30  Cybernetics Core  
  20  1:34  Probe  
  21  1:46  Probe  
  22  1:57  Stalker x2  
  22  1:58  Probe  
  23  2:07  Warp Gate  
  27  2:10  Probe  
  27  2:13  Pylon  
  28  2:27  Stalker  
  30  2:33  Stalker  
  32  2:45  Twilight Council  
  32  2:57  Stalker  
  34  2:58  Forge  
  34  2:59  Probe  
  34  3:04  Blink  
  35  3:08  Pylon  
  35  3:26  Stalker  
  37  3:35  Photon Cannon  
  37  3:39  Probe  
  38  3:42  Stalker  
  40  3:49  Pylon  
  40  3:58  Gateway  
  40  4:08  Probe  
  41  4:12  Stalker  
  43  4:42  Nexus  
  43  4:46  Stalker x2  
  43  4:50  Probe  
  48  4:57  Stalker  
  50  5:07  Pylon  
  50  5:09  Probe  
  51  5:16  Stalker  
  51  5:17  Probe  
  54  5:23  Charge  
  54  5:25  Probe  
  54  5:31  Protoss Ground Armor Level 1  
  55  5:37  Probe  
  56  5:45  Pylon  
  56  5:49  Gateway, Probe, Sentry  
  59  5:51  Probe  
  60  5:59  Probe  
  61  6:05  Gateway  
  61  6:10  Zealot  
  51  6:34  Zealot x3  
  51  6:35  Probe  
  46  6:44  Gateway x2  
  46  6:45  Gateway  
  46  6:49  Sentry  
  48  6:58  Zealot  
  48  6:59  Zealot x2  
  40  7:08  Zealot  
  36  7:10  Probe  
  35  7:23  Zealot x2  
  35  7:26  Pylon  
  35  7:28  Pylon  
  39  7:33  Probe  
  40  7:39  Zealot x2  
  40  7:42  Zealot  
  46  7:51  Zealot x2  
  46  7:53  Pylon  
  46  7:54  Pylon  
  46  7:56  Pylon  
  46  7:57  Pylon  
  48  8:03  Gateway  
  48  8:05  Gateway  
  48  8:07  Zealot x2  
  52  8:14  Zealot x2  
  52  8:15  Cybernetics Core  
  56  8:20  Probe  
  57  8:28  Zealot x3  
  63  8:36  Zealot x2  
  67  8:51  Stalker  
  67  8:52  Stalker x3  
  71  9:00  Stalker  
  71  9:12  Stalker x3  
  71  9:15  Stalker  
  67  9:25  Zealot x3  
  62  9:34  Stalker x2  
  66  9:38  Stalker  
Show
View Real Time Build Order
Export as new Build Order

PureLegacy Terran - Winner!

Build Orders:  

Get SALT Encoding   

  12  0:01  SCV  
  13  0:13  SCV  
  14  0:20  Supply Depot  
  14  0:25  SCV  
  15  0:32  Refinery  
  15  0:41  SCV  
  16  0:46  Barracks  
  16  0:54  SCV  
  17  1:04  Barracks  
  17  1:18  Barracks  
  17  1:21  SCV  
  18  1:33  Reaper  
  19  1:43  Orbital Command  
  19  1:48  Refinery  
  19  1:54  Reaper  
  20  2:00  Supply Depot  
  20  2:05  Reaper  
  21  2:09  Reaper  
  22  2:19  SCV  
  23  2:25  Supply Depot  
  23  2:29  Reaper  
  24  2:36  SCV  
  25  2:40  Reaper  
  26  2:49  Reaper  
  26  2:51  SCV  
  27  3:01  Reaper  
  28  3:05  SCV  
  29  3:14  Reaper, Command Center  
  29  3:17  SCV  
  30  3:26  Reaper  
  31  3:29  Engineering Bay  
  31  3:33  Reaper  
  32  3:34  SCV  
  33  3:49  Barracks  
  33  3:54  Barracks, Reaper  
  34  4:00  Terran Infantry Weapons Level 1  
  34  4:06  Reaper x2  
  34  4:09  SCV  
  37  4:16  Supply Depot  
  37  4:28  Reaper, SCV  
  39  4:34  Orbital Command  
  39  4:37  Reaper  
  40  4:39  Reaper  
  40  4:42  Reaper  
  42  4:50  Refinery  
  42  4:53  Refinery  
  42  4:54  Reaper  
  42  4:57  SCV  
  44  5:02  Reaper  
  45  5:08  SCV  
  45  5:09  SCV  
  45  5:13  Reaper  
  48  5:16  Reaper  
  49  5:25  SCV x2  
  51  5:29  Reaper  
  51  5:30  Reaper  
  53  5:39  Barracks  
  53  5:42  Barracks, Reaper  
  54  5:45  Reaper  
  54  5:47  SCV x2  
  57  5:59  Reaper  
  58  6:06  Reaper x2  
  58  6:08  Terran Infantry Armor Level 1  
  58  6:10  Supply Depot  
  60  6:13  SCV x2  
  62  6:27  Reaper x2  
  63  6:35  Reaper  
  63  6:36  Reaper x2  
  63  6:38  Reaper  
  67  6:40  Supply Depot  
  67  6:41  Barracks x2  
  67  6:43  Reaper  
  67  6:46  SCV  
  67  6:47  SCV  
  70  7:01  Reaper x2  
  71  7:08  Reaper  
  72  7:09  Supply Depot, SCV x2  
  72  7:10  Reaper  
  72  7:11  Reaper  
  76  7:20  Reaper  
  52  7:31  Reaper x2  
  52  7:34  Reaper  
  52  7:35  Reaper  
  56  7:39  Reaper  
  56  7:40  Command Center  
  57  7:45  Reaper x2  
  59  7:53  Reaper x2  
  59  7:58  SCV x2  
  63  8:03  Reaper x2  
  65  8:06  Reaper  
  65  8:07  Reaper  
  65  8:11  Reaper  
  68  8:17  Reaper  
  68  8:18  Reaper  
  69  8:23  Supply Depot  
  69  8:24  Command Center  
  68  8:28  Reaper x2  
  69  8:38  Reaper x2  
  71  8:45  Reaper  
  71  8:46  Reaper  
  72  8:50  Supply Depot  
  69  8:57  Reaper x3  
  69  8:59  SCV x2  
  74  9:04  Reaper  
Show
View Real Time Build Order
Export as new Build Order

LOADBLASTER Terran - Winner!

Build Orders: 1/1/1 

Get SALT Encoding   

  12  0:01  SCV  
  13  0:13  SCV  
  14  0:18  Supply Depot  
  14  0:25  SCV  
  15  0:35  Refinery  
  15  0:40  SCV  
  16  0:46  Barracks  
  16  0:53  SCV  
  17  0:59  Refinery  
  17  1:05  SCV  
  18  1:17  SCV  
  19  1:36  Barracks Reactor, Orbital Command  
  19  1:40  Factory  
  19  1:49  Supply Depot  
  19  2:02  SCV  
  20  2:12  Marine x2  
  20  2:14  SCV  
  23  2:24  Factory Tech Lab  
  23  2:27  Starport  
  23  2:30  Marine x2  
  23  2:34  Supply Depot  
  23  2:35  SCV  
  26  2:43  Siege Tank  
  29  2:48  Marine x2  
  31  3:05  Marine x2  
  31  3:10  Supply Depot  
  33  3:15  Siege Tank  
  36  3:25  Marine x2  
  38  3:29  Supply Depot, Starport Tech Lab  
  38  3:42  Marine  
  38  3:43  Marine  
  40  3:52  Raven  
  42  3:56  Command Center  
  42  4:02  Marine x2  
  43  4:07  Supply Depot  
  43  4:09  SCV  
  45  4:19  Siege Tank  
  45  4:22  Marine  
  49  4:26  Marine  
  49  4:28  SCV  
  51  4:40  SCV  
  52  4:48  Marine  
  52  4:49  Marine  
  54  4:56  Barracks  
  54  4:59  Barracks  
  54  5:00  Starport Reactor  
  54  5:02  Siege Tank  
  57  5:12  Orbital Command  
  56  5:18  Marine x2  
  56  5:20  SCV  
  59  5:30  Orbital Command  
  59  5:32  SCV  
  60  5:44  SCV  
  60  5:45  Starport Reactor, Stimpack  
  61  5:55  Marine x4  
  61  5:56  Marine, SCV  
  67  6:01  SCV  
  68  6:06  Supply Depot  
  68  6:10  SCV  
  69  6:17  SCV  
  69  6:18  Siege Tank  
  69  6:22  SCV  
  69  6:26  Marine  
  69  6:29  SCV  
  69  6:32  Marine  
  68  6:34  SCV  
  68  6:38  Marine  
  68  6:39  Engineering Bay  
  71  6:41  SCV  
  71  6:44  Marine  
  71  6:45  Marine  
  71  6:46  SCV  
  75  6:51  Marine  
  75  6:53  SCV  
  76  6:54  Marine  
  76  6:58  Siege Tank  
  76  7:02  Medivac  
  76  7:04  Medivac  
  76  7:06  Marine  
  76  7:08  Marine  
  68  7:10  Terran Infantry Weapons Level 1, Marine  
  68  7:11  Marine  
  68  7:13  Marine  
  61  7:24  Marine  
  61  7:26  Marine  
  61  7:28  Marine  
  61  7:29  Marine  
  65  7:31  Marine  
  66  7:42  Marine  
  66  7:43  Marine  
  66  7:46  Marine, Combat Shield  
  66  7:47  Marine, Siege Tank  
  66  7:49  Marine  
  64  8:00  Marine  
  64  8:01  Marine  
  64  8:04  Barracks x2, Marine x2  
  64  8:05  Barracks  
  67  8:07  Marine  
  67  8:11  Medivac  
  68  8:17  Marine  
  68  8:18  Medivac  
  68  8:19  Marine  
  66  8:22  Marine x2  
  66  8:24  Marine  
  61  8:35  Marine  
  61  8:37  Marine  
  61  8:40  Marine x2  
  65  8:41  Medivac  
  65  8:42  Marine  
  65  8:48  Supply Depot x2  
  68  8:52  Marine x3  
  68  8:53  Marine  
  68  8:55  Marine  
  73  8:57  Marine  
  73  8:58  Marine  
  73  9:00  Marine  
  76  9:09  Marine  
  76  9:10  Marine x2  
  76  9:11  Marine  
  76  9:12  Marine  
  76  9:15  Marine  
  76  9:16  Marine  
  83  9:18  Marine  
  84  9:27  Marine  
  84  9:28  Marine x2  
  91  9:41  Supply Depot  
  91  9:43  Supply Depot  
Tags
 
Add a new tag
Caveats
  • Supply blocks, unpowered buildings, or Contaminate may cause inaccurate times.
  • Supply counts are checked every 10 seconds.